 Dungeon Crawl Stone Soup version 0.17.1-3-g152610e (webtiles) character file.

17 Gargoyl the Skirmisher (level 2, -8/24 HPs)
             Began as a Demonspawn Abyssal Knight on Apr 15, 2016.
             Was a Follower of Lugonu.
             Mangled by a gnoll
             ... wielding a +0 flail
              (9 damage)
             ... on level 2 of the Dungeon.
             The game lasted 00:01:51 (1018 turns).

Gargoyl the Skirmisher (Demonspawn Abyssal Knight)  Turns: 1018, Time: 00:01:51

Health: -8/24      AC:  5    Str: 12    XL:     2   Next: 44%
Magic:  4/4        EV: 11    Int: 13    God:    Lugonu [*.....]
Gold:   77         SH:  0    Dex: 12    Spells: 0 memorised, 1 level left

rFire  . . .     SeeInvis .     a - +1 hand axe
rCold  . . .     Clarity  .     b - +0 leather armour
rNeg   . . .     SustAt   .     (no shield)
rPois  .         Gourm    .     (no helmet)
rElec  .         Spirit   .     (no cloak)
rCorr  .         Warding  .     (no gloves)
rMut   .         Stasis   .     g - +0 pair of boots (curse)
MR     .....                    (no amulet)
Stlth  +.........               (no ring)
                                (no ring)

@: not resistant to hostile enchantments, very unstealthy
A: rugged brown scales 1
a: Depart the Abyss, Renounce Religion


You were on level 2 of the Dungeon.
You worshipped Lugonu.
Lugonu was aware of your devotion.
You were hungry.

You visited 1 branch of the dungeon, and saw 2 of its levels.
You visited the Abyss 1 time.

You collected 77 gold pieces.

Inventory:

Hand Weapons
 a - a +1 hand axe (weapon)
Armour
 b - a +0 leather armour (worn)
 g - a cursed +0 pair of boots (worn)
Scrolls
 d - 3 scrolls of remove curse {unknown}
 h - a scroll of recharging {unknown}
 j - 3 scrolls of fear {unknown}
 k - 2 scrolls of random uselessness {unknown}
 m - 2 scrolls of teleportation {unknown}
 n - a scroll of noise {unknown}
Comestibles
 c - a bread ration
 i - a beef jerky
 l - a meat ration


   Skills:
 + Level 3.4 Fighting
 + Level 1.9 Axes
 + Level 2.0 Armour
 + Level 1.0 Dodging
 + Level 2.7 Invocations


You had one spell level left.
You didn't know any spells.

Dungeon Overview and Level Annotations

Branches:
Dungeon (2/15)

Altars:


Innate Abilities, Weirdness & Mutations

You are partially covered in rugged brown scales (AC +1, +3% HP).


Message History

* * * LOW HITPOINT WARNING * * *
The ooze hits you.
* * * LOW HITPOINT WARNING * * *
You hit the gnoll but do no damage.
The gnoll is moderately wounded.
You barely miss the ooze.
The ooze is heavily wounded.
You hit the gnoll.
The gnoll is severely wounded.
The gnoll hits you but does no damage. The ooze hits you but does no damage.
The gnoll hits you but does no damage.
You closely miss the gnoll.
The gnoll is moderately wounded.
You hit the ooze.
The ooze is severely wounded.
You hit the gnoll but do no damage.
The gnoll is severely wounded.
The ooze barely misses you. The gnoll barely misses you.
The gnoll hits you with a flail!
You die...

#.......#.# #.#.# #.....#.#.#
#.#.# ###
######.†...#.#.#####.#.# #<#
.......#.....#.......#.####.#
####.#.#.#############......#
####.#.#.#.....#.....########
.......#.#.###.#.###.#
####...#.#.....g..##.#
..............##@.##.#
###......#..#.##gJ##.#
#....###g.#.##g.##.#
#.........#.##..##.#
#.....###g#.##..##.#
#...#.###.#.##...#g#
#####........##..#g#
######.###.#..#...#.#
.......#......#..##.#


You could see 2 gnolls, an ooze and a goblin.

Vanquished Creatures
  A giant gecko (D:1)
  A giant cockroach (D:1)
  2 goblins (D:1)
  4 hobgoblins
  A kobold (D:2)
  2 bats
  A giant newt (D:2)
  3 rats
15 creatures vanquished.

Notes
Turn   | Place    | Note
--------------------------------------------------------------
     0 | Abyss:1  | Gargoyl the Demonspawn Abyssal Knight began the quest for the Orb.
     0 | Abyss:1  | Reached XP level 1. HP: 18/18 MP: 2/2
    63 | Abyss:2  | Found a corrupted altar of Lugonu.
    95 | Abyss:2  | Noticed a raiju
   142 | Abyss:2  | Noticed a tentacled starspawn
   145 | D:1      | Escaped the Abyss
   431 | D:1      | Reached skill level 1 in Dodging
   571 | D:1      | Reached * piety under Lugonu
   571 | D:1      | Gained mutation: You are partially covered in rugged brown scales (AC +1, +3% HP). [demonic ancestry]
   571 | D:1      | Reached XP level 2. HP: 17/24 MP: 3/3
  1016 | D:2      | HP: 1/24 [ooze (5)]
  1018 | D:2      | Mangled by a gnoll

Action                   || total
-------------------------++-------
Melee: Hand axe          ||    58
Invok: Depart the Abyss  ||     1
  Use: Potion            ||     3
